 Dungeon Crawl Stone Soup version 0.27.1-33-g824d729ab1 (webtiles) character file.

Game seed: 3885115989754808034

39 Descartes the Skirmisher (level 3, 0/19 HPs)
             Began as a Felid Wanderer on Nov 29, 2021.
             Was an Initiate of Gozag.
             Killed from afar by an orc wizard (8 damage)
             ... with a magic dart
             ... on level 4 of the Dungeon.
             The game lasted 00:08:28 (4816 turns).

Descartes the Skirmisher (Felid Wanderer)           Turns: 4816, Time: 00:08:28

Health: 0/19       AC:  1    Str:  8    XL:     3   Next: 26%
Magic:  4/4        EV: 18    Int: 14    God:    Gozag
Gold:   443        SH:  0    Dex: 15    Spells: 2/2 levels left
                                        Lives:  0   Deaths: 1

rFire    . . .     SeeInvis +     - Unarmed
rCold    . . .     Faith    .   (shield unavailable)
rNeg     . . .     Spirit   .   (armour unavailable)
rPois    .         Reflect  .   (helmet unavailable)
rElec    .         Harm     .   (cloak unavailable)
rCorr    .         Rampage  .   (gloves unavailable)
Will     .....                  (boots unavailable)
Stlth    +++.......             (no amulet)
HPRegen  0.06/turn              (no ring)
MPRegen  0.09/turn              (no ring)

@: quick
A: very small, claws 1, fangs 3, see invisible, speed 1, shaggy fur 1, stealthy
paws, no weapons or thrown items, no armour, multi-lived
a: Renounce Religion, Potion Petition, Call Merchant, Bribe Branch


You were on level 4 of the Dungeon.
You worshipped Gozag.
Gozag was aware of your devotion.
You visited 1 branch of the dungeon, and saw 4 of its levels.

You collected 443 gold pieces.

Inventory:

Scrolls
 a - 2 scrolls of teleportation
 d - 2 scrolls of identify {unknown}
 e - a scroll of acquirement {unknown}
 i - a scroll of enchant weapon {unknown}
 l - a scroll of magic mapping {unknown}
Potions
 b - 2 potions of heal wounds {unknown}
 c - 2 potions of ambrosia {unknown}
 f - a potion of flight {unknown}
 g - a potion of curing {unknown}
 h - a potion of lignification {unknown}
 j - a potion of haste {unknown}
 k - a potion of brilliance {unknown}


   Skills:
 - Level 5.0 Fighting
 + Level 4.3 Dodging
 - Level 5.0 Stealth
 + Level 2.2 Unarmed Combat
 + Level 0.0 Transmutations


You had 2 spell levels left.
You didn't know any spells.
Your spell library contained the following spells:

 Spells                   Type           Power      Damage    Failure   Level
 Sublimation of Blood     Necr           0%         N/A       41%         2
 Wereblood                Tmut           0%         N/A       41%         2
 Blade Hands              Tmut           0%         N/A       100%        5
 Summon Hydra             Summ           0%         N/A       100%        7
 Portal Projectile        Hex/Tloc       Unusable   N/A       N/A         3
 Excruciating Wounds      Necr           Unusable   N/A       N/A         5

Dungeon Overview and Level Annotations

Branches:
Dungeon (4/15)
 Temple: D:4-7

Altars:
Elyvilon
Gozag

Shops:
D:1 !


Innate Abilities, Weirdness & Mutations

You have sharp claws.
You have razor-sharp teeth.
You have supernaturally acute eyesight. (SInv)
You cover ground quickly. (Speed+)
You are covered in fur. (AC +1)
Your paws help you pounce on unaware monsters.
You are incapable of wielding weapons or throwing items.
You cannot wear armour.
You gain extra lives every three experience levels.


Message History

You die...
You are now level 3!
You rejoin the land of the living...
Found a hunting sling, 19 gold pieces and a ring mail.
You see here a +0 hunting sling.
You now have 430 gold pieces (gained 6).
You now have 443 gold pieces (gained 13).
You see here a +0 ring mail.
Found a fuming sapphire potion.
Found a book of Weapons.
You pick up a book of Weapons and begin reading...
You add the spell Blade Hands to your library.
Okay, then.
An iguana comes into view.
Found a stone staircase leading down.
An iguana is nearby!
A ball python and a hobgoblin come into view.
Found a stone staircase leading down.
Found 19 gold pieces.
The ball python hisses angrily.
The hobgoblin shouts!
The iguana hisses angrily.
You hear a shout!
There are monsters nearby!
You closely miss the iguana.
The iguana hisses menacingly.
The iguana misses you.
A hobgoblin comes into view.
You scratch the iguana. You bite the iguana, but do no damage.
The iguana is moderately wounded.
The iguana bites you!
Ouch! That really hurt!
You are too injured to fight recklessly!
You are too injured to fight recklessly! 2 orcs and an orc wizard come into view.
An orc is wielding a +2 antimagic hand axe.
The orc wizard moves out of view.
The orc moves out of view.
The orc wizard shouts!
The orc shouts! x2
The orc wizard casts a spell at you. The magic dart hits you!
You die...
Your body crumbles into a pile of gold.

..# #.# #.^.......# #. ..####.##
#.........# #. ........
...........######## #. ..####.#
###..o...o..#.....## #.
.....#.### ##....o...........###.
####.[...##...#...............##.
###.#....###.................<
#.##.....................##.
#.###.####.@................
######.#...####...............##.
#...##.#.##.g................###.
....#....##.#..##.....#.....## #.
.>..#..##...S.############### #.
..##l.......### #. .. #!..#..###
#. .....#...## ## .....#...#


You could see an orc wizard, 2 orcs and a ball python.

Vanquished Creatures
  Robin (D:1)
  An adder (D:2)
  A worm (D:2)
  An orc (D:3)
  An endoplasm (D:3)
  3 giant cockroaches
  17 goblins
  11 hobgoblins
  3 quokkas
  3 ball pythons
  4 bats
  6 frilled lizards
  A kobold (D:1)
  6 rats
59 creatures vanquished.

Notes
Turn   | Place    | Note
-------+----------+-------------------------------------------
     0 | D:1      | Descartes the Felid Wanderer began the quest for the Orb.
     0 | D:1      | Descartes set off with the following items: 2 scrolls of
                  | teleportation
     0 | D:1      | Reached XP level 1. HP: 12/12 MP: 2/2
    84 | D:1      | Found Cuizown's Distillery.
   392 | D:1      | Found a faded altar of an unknown god.
   427 | D:1      | Reached XP level 2. HP: 16/16 MP: 3/3
   482 | D:1      | Became a worshipper of Gozag Ym Sagoz the Greedy
   758 | D:1      | Reached skill level 1 in Unarmed Combat
  1532 | D:2      | Reached XP level 3. HP: 7/19 MP: 4/4
  2209 | D:2      | Noticed Robin
  2609 | D:1      | Killed Robin
  2610 | D:1      | Reached skill level 5 in Stealth
  3051 | D:2      | Reached XP level 4. HP: 17/23 MP: 0/5
  4290 | D:3      | Found a white marble altar of Elyvilon.
  4760 | D:4      | Slain by an iguana
  4761 | D:4      | Reached XP level 3. HP: 0/19 MP: 4/4
  4816 | D:4      | Killed from afar by an orc wizard

Illustrated notes

Levels and vault maps discovered:
D:1:      dpeg_arrival_rooms_with_view, layout_loops_ring, serial_shops, shop,
          hellmonk_ecumenical_altar_zigzags, solitary_fountain
D:2:      layout_basic, minmay_tree_intersection, uniq_robin
D:3:      layout_rooms, mainiacjoe_overflow_alcove_1
D:4:      layout_rooms, st_stairs_5

Skill      XL: |  1  2  3  4 |
---------------+-------------+-----
Dodging        | 3 4 |  4.3
Unarmed Combat | 1 2 |  2.2
Stealth        | 5 |  5.0
Fighting       | |  5.0

Action                   |  1- 3 |  4- 6 || total
-------------------------+-------+-------++-------
Melee: Unarmed           |   155 |    44 ||   199
       Bite              |    19 |     3 ||    22
       Punch             |     1 |       ||     1
 Stab: Sleeping          |    13 |     8 ||    21
       Distracted        |     1 |       ||     1
Armor: Skin              |     7 |     2 ||     9
Dodge: Dodged            |   126 |    24 ||   150
